 Dungeon Crawl Stone Soup version 0.25-a0-306-g3faca94807 (webtiles) character file.

Game seed: 4442490521893327628, levelgen mode: deterministic

39 MoonlitKnight the Skirmisher (level 3, -1/33 HPs)
             Began as a Hill Orc Fighter on Dec 21, 2019.
             Slain by Sigmund
             ... wielding a +0 scythe
              (12 damage)
             ... on level 2 of the Dungeon.
             The game lasted 00:01:53 (800 turns).

MoonlitKnight the Skirmisher (Hill Orc Fighter)      Turns: 800, Time: 00:01:54

Health: -1/33      AC:  9    Str: 19    XL:     3   Next: 45%
Magic:  3/3        EV:  5    Int:  8    God:
Gold:   39         SH:  0    Dex: 10    Spells: 2/2 levels left

rFire    . . .     SeeInvis .   a - +0 war axe
rCold    . . .     Gourm    .   c - +0 shield
rNeg     . . .     Faith    .   k - +0 chain mail (curse)
rPois    .         Spirit   .   (no helmet)
rElec    .         Reflect  .   (no cloak)
rCorr    .         Harm     .   (no gloves)
MR       .....                  (no boots)
Stlth    ..........             (no amulet)
HPRegen  0.11/turn              (no ring)
MPRegen  0.08/turn              (no ring)

@: confused
A: no striking features
a: no special abilities


You were on level 2 of the Dungeon.
You were not hungry.

You visited 1 branch of the dungeon, and saw 2 of its levels.

You collected 39 gold pieces.

Inventory:

Hand Weapons
 a - a +0 war axe (weapon)
Missiles
 h - 14 poisoned darts (quivered)
 l - 10 sling bullets
Armour
 c - a +0 shield (worn)
 k - a cursed +0 chain mail (worn)
Scrolls
 b - a scroll of magic mapping {unknown}
 i - a scroll of identify {unknown}
 j - a scroll of random uselessness {unknown}
 n - a scroll of enchant weapon {unknown}
 o - a scroll of fear {unknown}
Potions
 d - 2 potions of might
 e - a potion of mutation {unknown}
 m - a potion of brilliance {unknown}
Comestibles
 f - a ration
 g - 3 chunks of flesh


   Skills:
 + Level 4.0 Fighting
 * Level 3.8 Axes
 + Level 3.6 Armour
 + Level 3.6 Shields


You had 2 spell levels left.
You didn't know any spells.
Your spell library was empty.

Dungeon Overview and Level Annotations

Branches:
Dungeon (2/15)

Altars:

Annotations:
D:2 Sigmund


Message History

Sigmund is moderately wounded.
Sigmund casts a spell at you. You resist with significant effort.
Sigmund hits you with a +0 scythe.
You barely miss Sigmund.
Sigmund is moderately wounded.
Sigmund says, "I'm your fate." Sigmund gestures at you while chanting.
The magic dart hits you but does no damage.
You hit Sigmund.
Sigmund is heavily wounded.
Sigmund closely misses you.
You slash Sigmund!
Sigmund is severely wounded.
Sigmund barely misses you.
You hit Sigmund but do no damage.
Sigmund is severely wounded.
Sigmund gestures at you while chanting.
You are confused.
Sigmund hits you from afar with a +0 scythe!
You die...

#>.. . #..# ##.
#..# #.. #..# #.#
#..# #.# #..# #..
#.@# #.. #))# #รท#
#@.#############..
#.%(..............
#(#########..##...
#.. #..##.## ###
#..##.## #..##.##
#..##.# #..##.#
#..##.#


You could see Sigmund.

Vanquished Creatures
  2 dart slugs (D:1)
  A leopard gecko (D:2)
  A giant cockroach (D:1)
  6 goblins
  3 hobgoblins
  4 jackals (D:2)
  6 kobolds
  2 bats (D:1)
  3 frilled lizards (D:1)
  5 rats
33 creatures vanquished.

Notes
Turn   | Place    | Note
-------+----------+-------------------------------------------
     0 | D:1      | MoonlitKnight the Hill Orc Fighter began the quest for the
                  | Orb.
     0 | D:1      | Reached XP level 1. HP: 19/19 MP: 1/1
    47 | D:1      | Reached XP level 2. HP: 20/27 MP: 2/2
   480 | D:1      | Reached XP level 3. HP: 33/33 MP: 3/3
   768 | D:2      | Reached skill level 4 in Fighting
   778 | D:2      | Noticed Sigmund
   800 | D:2      | Slain by Sigmund

Levels and vault maps discovered:
D:1:      dpeg_arrival_radiant, layout_rooms
D:2:      layout_loops_ring, uniq_sigmund

Skill      XL: |  1  2  3 |
---------------+----------+-----
Axes           | 3 |  3.8
Fighting       | 4 |  4.0
Armour         | |  3.6
Shields        | |  3.6

Action                   || total
-------------------------++-------
Melee: War axe           ||    93
 Stab: Distracted        ||     1
Armor: Scale mail        ||    17
       Chain mail        ||    38
Dodge: Dodged            ||    28
Block: Shield            ||    46

Table legend:
 A = Non-vault XP
 B = Vault XP
 C = Vault XP percentage of total XP
 D = Non-vault monster count
 E = Vault monster count
 F = Vault count percentage of total count
                 A         B        C        D         E       F
            +---------+---------+-------+---------+---------+-------
      Total |      56 |       0 |   0.0 |      33 |       0 |   0.0
            +---------+---------+-------+---------+---------+-------
        D:1 |      34 |       0 |   0.0 |      20 |       0 |   0.0
        D:2 |      22 |       0 |   0.0 |      13 |       0 |   0.0
            +---------+---------+-------+---------+---------+-------
